 Dungeon Crawl Stone Soup version 0.21-a0-95-g06f091e (webtiles) character file.

480 grindst0ne the Transmogrifier (level 7, -6/48 HPs)
             Began as a Merfolk Transmuter on July 4, 2017.
             Was an Initiate of Ru.
             Killed from afar by an electric eel (9 damage)
             ... with a bolt of electricity
             ... on level 5 of the Dungeon.
             The game lasted 00:14:07 (5353 turns).

grindst0ne the Transmogrifier (Merfolk Transmuter)  Turns: 5353, Time: 00:14:08

Health: -6/48      AC:  4    Str: 12    XL:     7   Next: 12%
Magic:  16/19      EV: 12    Int: 13    God:    Ru [......]
Gold:   40         SH:  0    Dex: 14    Spells: 0/10 levels left

rFire    . . .     SeeInvis .     - Unarmed
rCold    . . .     Gourm    .   (no shield)
rNeg     . . .     Faith    .   f - +1 leather armour {rPois}
rPois    +         Spirit   .   (no helmet)
rElec    .         Reflect  .   (no cloak)
rCorr    .         Harm     .   (no gloves)
MR       .....                  (no boots)
Stlth    +.........             (no amulet)
HPRegen  0.16/turn              (no ring)
MPRegen  0.16/turn              v - ring of magical power

@: no status effects
A: change form in water, swift swim, stealthy swim
a: Renounce Religion


You were on level 5 of the Dungeon.
You worshipped Ru.
Ru was noncommittal.
You were not hungry.

You visited 2 branches of the dungeon, and saw 6 of its levels.

You collected 286 gold pieces.
You spent 246 gold pieces at shops.

Inventory:

Missiles
 a - 85 arrows
Armour
 b - a +0 robe
 f - a +1 leather armour of poison resistance (worn)
Jewellery
 v - a ring of magical power (right hand)
Wands
 d - a wand of clouds (1/9)
 n - a wand of random effects (34/48)
 y - a wand of flame (24/48)
Scrolls
 e - 3 scrolls of enchant armour
 h - 2 scrolls of magic mapping
 i - a scroll of remove curse
 o - a scroll of teleportation {unknown}
 t - 2 scrolls of recharging
 u - a scroll of amnesia {unknown}
 w - a scroll of fear
 x - a scroll of fog
Potions
 k - 2 potions of curing
 m - a potion of haste
 p - a potion of mutation
 r - a potion of berserk rage
 s - a potion of agility
Books
 c - a book of Changes

   Spells                             Type                      Level
   a - Beastly Appendage              Transmutation                1
   b - Sticks to Snakes               Transmutation                2
   c - Spider Form                    Transmutation/Poison         3
   d - Ice Form                       Ice/Transmutation            4
   e - Blade Hands                    Transmutation                5
Comestibles
 g - a royal jelly
 j - 4 fruits
 l - 5 meat rations
 q - 3 bread rations


   Skills:
 - Level 1.1 Fighting
 - Level 2.6 Dodging
 * Level 4.4 Unarmed Combat
 - Level 2.0 Spellcasting
 - Level 9.1 Transmutations


You couldn't memorise any spells.
You knew the following spells:

 Your Spells              Type           Power        Failure   Level  Hunger
a - Beastly Appendage     Tmut           ####..       1%          1    ##.....
b - Sticks to Snakes      Tmut           ####....     1%          2    ###....
c - Spider Form           Tmut/Pois      ##........   14%         3    ####...
d - Ice Form              Ice/Tmut       ##......     43%         4    #####..


Dungeon Overview and Level Annotations

Branches:
Dungeon (5/15)             Temple (1/1) D:4

Altars:
Ashenzari
Cheibriados
Dithmenos
Fedhas
Hepliaklqana
Kikubaaqudgha
Nemelex Xobeh
Okawaru
Ru
Sif Muna
Trog
Uskayaw
Wu Jian
Xom
Yredelemnul
The Shining One

Shops:
D:4 ?

Annotations:
D:5 1 transporter


Message History

Okay, then.
Casting: Spider Form
Confirm with . or Enter, or press ? or * to list all spells.
You create 2 snakes!
You now have 87 arrows.
Casting: Sticks to Snakes
Confirm with . or Enter, or press ? or * to list all spells.
You create 2 snakes!
You now have 85 arrows.
You open the door.
You swap places.
You swap places.
The electric eel shoots out a bolt of lightning at you!
The bolt of electricity hits you! x2
The bolt of electricity hits your ball python.
Your ball python dies!
The bolt of electricity hits the plant.
The electric eel shoots out a bolt of lightning at you!
The bolt of electricity hits you!
* * * LOW HITPOINT WARNING * * *
The bolt of electricity hits you!
You die...

#. #. #. .. #.#### #.
###############....# .
#.##..................##.
#..#.###############.....
#.#.#8P#;≈≈≈≈≈≈#P8#.#.#
#...#..#..!....#..#...#
#..©#SS@.$.♣...+:©#...#
#...#.S#....(..#..#...#
##...#8P#;≈≈≈≈≈≈#P8#...#
#....###############..###
#........................
#........................
#...######....#..####....
#...# #....#.>........
#...# #....#######....


You could see 2 electric eels, 2 friendly adders and a friendly ball python.

Vanquished Creatures
  A centaur (D:3)
  A howler monkey (D:5)
  3 orc priests (D:4)
  A centaur skeleton (D:4)
  An orc wizard (D:3)
  8 adders
  6 gnolls
  An ooze (D:3)
  A worm (D:4)
  2 leopard geckos
  7 orcs
  A ball python (D:1)
  5 bats
  5 giant cockroaches
  3 goblins
  6 hobgoblins
  4 jackals (D:3)
  7 kobolds
  2 quokkas (D:2)
  7 frilled lizards
  A leopard gecko skeleton (D:4)
  2 quokka skeletons (D:4)
  8 rats
83 creatures vanquished.

Vanquished Creatures (collateral kills)
  2 gnolls (D:2)
  A ball python (D:3)
  A goblin (D:1)
  2 rats (D:3)
6 creatures vanquished.

Grand Total: 89 creatures vanquished

Notes
Turn   | Place    | Note
-------+----------+-------------------------------------------
     0 | D:1      | grindst0ne the Merfolk Transmuter began the quest for the Orb.
     0 | D:1      | Reached XP level 1. HP: 15/15 MP: 3/3
    26 | D:1      | Reached skill level 3 in Transmutations
   212 | D:1      | Reached XP level 2. HP: 21/21 MP: 3/5
   219 | D:1      | Learned a level 2 spell: Sticks to Snakes
  1020 | D:2      | Reached XP level 3. HP: 16/26 MP: 0/6
  1081 | D:2      | HP: 1/26 [gnoll/club (1)]
  1412 | D:1      | Learned a level 3 spell: Spider Form
  1422 | D:1      | Reached skill level 4 in Transmutations
  2020 | D:2      | Reached XP level 4. HP: 32/32 MP: 3/7
  2088 | D:2      | Reached skill level 5 in Transmutations
  2246 | D:2      | Found a faded altar of an unknown god.
  2425 | D:3      | Noticed a centaur
  2502 | D:3      | Killed a centaur
  2502 | D:3      | Reached skill level 6 in Transmutations
  2502 | D:3      | Reached XP level 5. HP: 29/37 MP: 4/8
  2894 | D:3      | Found a sparkling altar of Nemelex Xobeh.
  2929 | D:3      | Reached skill level 7 in Transmutations
  3207 | D:3      | Reached XP level 6. HP: 41/43 MP: 4/9
  3648 | D:3      | Reached skill level 8 in Transmutations
  3733 | D:4      | Found a staircase to the Ecumenical Temple.
  3738 | Temple   | Entered the Ecumenical Temple
  3989 | Temple   | Became a worshipper of Ru the Awakened
  4141 | D:4      | Found a snail-covered altar of Cheibriados.
  4719 | D:4      | Reached skill level 9 in Transmutations
  4722 | D:4      | Found a deep blue altar of Sif Muna.
  4728 | D:4      | Reached XP level 7. HP: 31/48 MP: 10/10
  4938 | D:4      | Learned a level 4 spell: Ice Form
  5039 | D:4      | Found Pegaor Xore's Magic Scroll Boutique.
  5044 | D:4      | Bought a scroll of magic mapping for 42 gold pieces
  5044 | D:4      | Bought a scroll of fear for 42 gold pieces
  5044 | D:4      | Bought a scroll of fog for 24 gold pieces
  5044 | D:4      | Bought a scroll of identify for 24 gold pieces
  5044 | D:4      | Bought a scroll of identify for 24 gold pieces
  5044 | D:4      | Bought a scroll of enchant armour for 90 gold pieces
  5205 | D:5      | Entered Level 5 of the Dungeon
  5245 | D:5      | Found a transporter.
  5270 | D:5      | Found a transporter.
  5353 | D:5      | Killed from afar by an electric eel

Vault maps used:
D:1:      mrwooster_arrival_arrow
D:2:      minmay_wonky_spiral, chequers_ecumenical_altar_grove
D:3:      lemuel_crystal_altar, st_stairs_3
D:4:      lemuel_doored_altar, minmay_temple_entry_crystal_x, first_bread,
          serial_shops, shop, minmay_ruined_shrine
D:5:      gammafunk_steamed_eel, nicolae_overflow_crystal_walls,
          elyvilon_altar_1
Temple:   dpeg_chambers_temple

Skill      XL: |  1  2  3  4  5  6 |
---------------+-------------------+-----
Transmutations | 3 4 6 7 9 |  9.1
Unarmed Combat | 4 |  4.4
Fighting       | |  1.1
Dodging        | |  2.6
Spellcasting   | |  2.0

Action                   |  1- 3 |  4- 6 |  7- 9 || total
-------------------------+-------+-------+-------++-------
Melee: Unarmed           |    81 |   149 |    26 ||   256
       Headbutt          |     6 |       |       ||     6
 Cast: Beastly Appendage |    15 |     1 |       ||    16
       Sticks to Snakes  |    10 |     9 |     2 ||    21
       Spider Form       |     4 |    25 |     3 ||    32
  Use: Potion            |     1 |       |       ||     1
       Scroll            |       |     8 |     2 ||    10
 Stab: Sleeping          |     1 |     2 |       ||     3
  Eat: Chunk             |     2 |    12 |     3 ||    17
       Bread ration      |     1 |       |       ||     1
Armor: Robe              |    11 |    11 |       ||    22
       Skin              |     1 |     5 |     2 ||     8
       Leather armour    |       |     4 |     3 ||     7
Dodge: Dodged            |    68 |   119 |    19 ||   206
